Map: Вечная империя РВ

Players

Ziggy

  • Race: Terran Terran
  • League: Grandmaster
  • Spawn Location: 7:00

BratOK (Brat_OK) - Winner!

  • Race: Terran Terran
  • League: Grandmaster
  • Spawn Location: 1:00

Event: DreamHack SC2 Masters 2020 Summer Europe

VOD

Have the link to the VOD?

Description

Time

  • Played on: July 5, 2020, 11:17 a.m.
  • Length: 12:09

All games in this series

Show
View Real Time Build Order
Export as new Build Order

Ziggy Terran 

Build Orders:  

Get SALT Encoding   

  12  0:00  SCV  
  13  0:12  SCV  
  14  0:17  Supply Depot  
  14  0:24  SCV  
  15  0:38  SCV  
  15  0:40  Barracks  
  16  0:44  Refinery  
  16  0:50  SCV  
  17  1:00  Barracks  
  17  1:03  SCV  
  18  1:15  SCV  
  19  1:27  Reaper, Orbital Command  
  19  1:31  Supply Depot  
  20  1:48  Reaper  
  20  1:53  SCV  
  22  2:03  Reaper  
  23  2:09  Command Center  
  23  2:12  SCV  
  24  2:18  Refinery  
  24  2:21  Reaper  
  25  2:24  SCV  
  26  2:36  SCV  
  27  2:40  Reaper  
  28  2:48  SCV  
  29  2:53  Command Center  
  29  2:56  Barracks Tech Lab  
  29  3:00  SCV  
  30  3:14  Factory  
  30  3:17  Barracks Reactor, Marine  
  31  3:21  SCV  
  31  3:24  Orbital Command  
  32  3:33  SCV  
  33  3:35  Stimpack, Marine  
  33  3:41  Refinery  
  34  3:45  SCV  
  35  3:51  SCV  
  35  3:54  Marauder, Marine  
  39  3:57  SCV, Marine  
  41  4:04  Starport  
  41  4:07  Factory Reactor  
  41  4:10  SCV x2  
  41  4:15  Orbital Command  
  43  4:21  Marine x2  
  43  4:22  SCV  
  46  4:24  Marine  
  46  4:27  SCV  
  48  4:34  SCV  
  48  4:35  Supply Depot  
  49  4:39  Marine x2  
  49  4:41  SCV  
  49  4:42  SCV, Marine  
  54  4:48  Medivac, Engineering Bay  
  54  4:51  SCV  
  57  4:53  SCV  
  57  4:55  Medivac  
  57  4:57  Factory Tech Lab  
  57  4:59  SCV  
  61  5:03  SCV, Marine  
  61  5:05  Marine  
  61  5:06  Marine  
  65  5:11  Supply Depot  
  65  5:13  SCV  
  66  5:14  Orbital Command  
  66  5:21  Marine  
  66  5:22  Marine  
  66  5:24  Marine  
  66  5:27  SCV  
  69  5:28  Supply Depot  
  69  5:32  Combat Shield  
  69  5:33  SCV, Siege Tank  
  69  5:35  Terran Infantry Weapons Level 1  
  73  5:38  Marine  
  73  5:39  Barracks  
  73  5:40  Starport Reactor  
  73  5:41  SCV  
  75  5:46  SCV, Supply Depot  
  76  5:53  SCV, Supply Depot  
  76  5:54  Refinery  
  77  5:58  Marine x3  
  77  6:01  SCV  
  77  6:03  SCV, Supply Depot  
  82  6:11  Siege Tank  
  85  6:13  SCV  
  85  6:16  Marine x3  
  85  6:17  Medivac  
  91  6:20  Medivac  
  91  6:22  SCV  
  93  6:31  SCV  
  89  6:35  Marine x4  
  89  6:36  Marauder  
  89  6:37  SCV x2  
  95  6:43  SCV  
  95  6:46  Siege Tank  
  99  6:49  SCV x2  
  101  6:55  SCV  
  101  6:56  Barracks  
  101  6:58  Barracks  
  101  7:01  SCV x2  
  104  7:04  Marine x4  
  104  7:05  Marine  
  109  7:09  Supply Depot  
  109  7:12  Supply Depot  
  109  7:24  SCV  
  109  7:25  SCV  
  109  7:26  SCV  
  91  7:32  Marauder, Marine  
  91  7:34  Marine x3  
  91  7:35  Medivac, Siege Tank  
  91  7:36  SCV, Medivac  
  90  7:38  SCV  
  90  7:39  SCV  
  90  7:40  Command Center  
  90  7:41  Terran Infantry Armor Level 1  
  92  7:46  Barracks Tech Lab x2  
  92  7:47  Sensor Tower  
  92  7:49  SCV, Marine  
  92  7:50  SCV, Refinery  
  95  7:52  SCV  
  95  7:53  Marine x2  
  95  7:54  Refinery, Marine  
  95  7:56  Marauder  
  101  8:00  Concussive Shells  
  101  8:01  SCV  
  101  8:02  SCV  
  103  8:06  Marauder x2  
  103  8:07  Medivac, Marine  
  103  8:08  Medivac  
  103  8:11  Marine  
  113  8:13  SCV x2  
  113  8:19  Armory, Engineering Bay  
  115  8:21  Marine  
  115  8:22  Marauder, Marine  
  115  8:25  SCV x2  
  121  8:27  Siege Tank  
  121  8:29  Marauder  
  126  8:36  SCV  
  126  8:37  SCV  
  127  8:42  Marauder, Marine  
  127  8:43  SCV  
  127  8:44  Marauder  
  133  8:51  Medivac x2  
  133  8:52  Marauder  
  139  8:59  SCV, Starport  
  139  9:01  Starport  
  140  9:04  Supply Depot  
  140  9:05  Supply Depot  
  140  9:06  SCV, Supply Depot  
  140  9:08  Supply Depot  
  141  9:12  Supply Depot, Marine x2  
  141  9:13  Marauder  
  141  9:15  Marine  
  146  9:26  Missile Turret, Marine x3  
  146  9:27  Missile Turret  
  149  9:36  Missile Turret  
  149  9:37  Marine x2  
  149  9:38  Marauder  
  150  9:40  Medivac  
  150  9:42  SCV  
  150  9:43  SCV  
  150  9:45  SCV  
  149  9:47  SCV  
  143  9:54  SCV  
  143  9:57  SCV  
  141  10:00  SCV  
  141  10:02  Marine x2  
  141  10:03  Marauder, Marine x4  
  141  10:04  Starport Tech Lab  
  141  10:05  Starport Reactor  
  150  10:09  SCV x2  
  153  10:14  SCV  
  153  10:15  Planetary Fortress  
  153  10:20  Marine  
  158  10:21  Marauder x2  
  158  10:26  Unknown, Marine x3  
  161  10:29  Marine  
  162  10:35  SCV  
  162  10:36  SCV x2, Viking  
  162  10:38  Marine  
  162  10:42  Marine  
  171  10:43  Marauder  
  171  10:48  SCV x2, Marine x2  
  171  10:49  Marauder  
  177  10:52  Marine  
  177  10:56  Marine  
  179  11:02  Marauder  
  181  11:04  Marauder  
  128  11:19  Marine x2  
  128  11:20  Marauder  
  128  11:22  Marine x2, Siege Tank  
  128  11:23  Marauder  
  125  11:25  Marauder  
  125  11:29  Medivac x2  
  125  11:30  Viking, Medivac x2  
  117  11:32  SCV  
  117  11:33  SCV x2  
  117  11:36  SCV  
  117  11:37  Marine x2  
  122  11:40  Marine x2  
  122  11:41  Marauder  
  122  11:42  Sensor Tower  
  122  11:44  Marine  
  122  11:45  SCV x2  
  122  11:46  Marine  
  130  11:52  SCV x2  
  132  11:57  SCV x2  
  141  12:05  Barracks  
  141  12:06  Barracks  
Show
View Real Time Build Order
Export as new Build Order

BratOK Terran - Winner!

Build Orders: Mech 

Get SALT Encoding   

  12  0:00  SCV  
  13  0:13  SCV  
  14  0:17  Supply Depot  
  14  0:25  SCV  
  15  0:29  Refinery  
  15  0:39  SCV  
  16  0:44  Barracks  
  16  0:51  SCV  
  17  1:03  SCV  
  18  1:05  Refinery  
  18  1:15  SCV  
  19  1:31  Reaper, Orbital Command  
  20  1:39  Factory  
  20  1:46  Supply Depot  
  20  1:57  SCV  
  21  2:03  Reaper  
  21  2:17  SCV  
  24  2:23  Hellion  
  24  2:32  Command Center  
  24  2:36  Barracks Tech Lab  
  24  2:37  SCV  
  25  2:46  Hellion  
  25  2:49  SCV  
  28  2:52  Supply Depot  
  28  3:01  SCV  
  29  3:14  SCV  
  29  3:18  Cyclone  
  33  3:35  SCV, Command Center  
  34  3:44  Orbital Command  
  34  3:53  Starport  
  34  3:56  SCV  
  34  3:59  Siege Tank  
  38  4:08  SCV  
  38  4:09  Barracks Tech Lab  
  39  4:10  SCV  
  40  4:20  SCV  
  40  4:22  SCV  
  42  4:32  SCV, Siege Tank  
  42  4:34  SCV  
  42  4:35  Raven  
  42  4:37  Barracks Reactor  
  49  4:38  Refinery  
  49  4:41  Refinery  
  49  4:44  SCV  
  50  4:47  SCV  
  50  4:48  Supply Depot, Orbital Command  
  51  4:56  SCV  
  51  4:59  SCV  
  53  5:04  Siege Tank  
  56  5:08  SCV  
  56  5:11  SCV  
  58  5:20  SCV  
  58  5:23  SCV x2  
  58  5:27  Factory  
  60  5:31  Viking x2, Supply Depot  
  60  5:33  SCV  
  60  5:35  SCV x2, Factory  
  67  5:36  Barracks Reactor  
  67  5:45  SCV  
  67  5:46  Hellion  
  67  5:47  SCV, Engineering Bay  
  71  5:50  SCV  
  71  5:52  Supply Depot  
  71  5:56  Supply Depot  
  72  5:57  SCV  
  72  6:01  Viking  
  75  6:05  SCV x2  
  75  6:08  Supply Depot  
  75  6:09  SCV, Orbital Command  
  78  6:13  Siege Tank  
  81  6:18  Supply Depot  
  81  6:19  SCV  
  81  6:21  SCV  
  81  6:22  Missile Turret  
  73  6:35  SCV x2  
  73  6:38  Siege Tank  
  78  6:40  Viking  
  78  6:41  SCV  
  78  6:46  Armory  
  81  6:47  SCV, Armory  
  81  6:50  Missile Turret  
  81  6:52  Siege Tank  
  81  6:53  Hellion  
  87  6:56  SCV x2  
  87  7:00  Missile Turret  
  89  7:06  SCV  
  89  7:07  Missile Turret x3  
  90  7:11  SCV x2  
  90  7:12  Refinery  
  92  7:20  SCV, Sensor Tower  
  92  7:22  Refinery  
  93  7:23  SCV x2  
  84  7:31  Siege Tank  
  84  7:32  SCV, Hellion x2  
  84  7:35  SCV x2  
  87  7:37  Terran Vehicle Weapons Level 1, Terran Vehicle And Ship Armor Level 1  
  87  7:44  SCV  
  87  7:47  SCV x2  
  87  7:50  Supply Depot  
  90  7:51  Supply Depot  
  90  7:53  Liberator  
  90  7:56  SCV  
  94  7:59  SCV x2  
  94  8:02  Liberator  
  94  8:05  Hellion  
  101  8:09  SCV  
  101  8:11  SCV  
  101  8:12  SCV  
  104  8:13  Missile Turret  
  104  8:15  Supply Depot  
  104  8:16  Supply Depot  
  104  8:17  Siege Tank x2  
  110  8:21  SCV  
  110  8:25  Infernal Pre-Igniter  
  111  8:28  Hellion  
  111  8:29  SCV x2  
  111  8:30  Factory  
  111  8:31  Barracks Reactor  
  111  8:33  SCV  
  116  8:39  Viking  
  116  8:41  SCV x2  
  118  8:45  SCV, Missile Turret  
  118  8:47  Missile Turret  
  118  8:48  Viking  
  121  8:53  SCV  
  121  8:55  Missile Turret  
  121  8:59  Supply Depot, Command Center  
  121  9:01  Siege Tank  
  124  9:08  Viking  
  126  9:10  Factory, Sensor Tower  
  126  9:14  Missile Turret  
  126  9:19  Siege Tank  
  126  9:20  Hellion x2  
  133  9:35  Hellion x2, Siege Tank  
  140  9:40  Terran Vehicle Weapons Level 2, Terran Vehicle And Ship Armor Level 2  
  140  9:41  Hellion x2  
  140  9:45  Missile Turret x2  
  144  9:51  Siege Tank  
  143  9:56  Factory Tech Lab  
  143  9:57  Hellion x2  
  144  10:04  Supply Depot  
  144  10:06  Viking x2  
  148  10:07  Barracks Reactor  
  148  10:10  Starport  
  145  10:18  Siege Tank x2  
  145  10:19  Hellion x2  
  155  10:25  Supply Depot, Hellion x2, Siege Tank  
  155  10:27  Supply Depot, Command Center  
  161  10:36  SCV  
  161  10:40  Hellion x2  
  166  10:47  Hellion x2  
  170  10:50  Siege Tank x2  
  170  10:54  Missile Turret  
  176  10:57  Siege Tank  
  176  10:58  Liberator  
  182  11:10  Hellion x4  
  149  11:22  Siege Tank x2  
  149  11:29  Hellion  
  149  11:31  Hellion  
  139  11:36  Hellion x3, Refinery  
  139  11:37  Missile Turret, Refinery  
  150  11:57  SCV  
Tags
 
Add a new tag
Caveats
  • Supply blocks, unpowered buildings, or Contaminate may cause inaccurate times.
  • Supply counts are checked every 10 seconds.